 Dungeon Crawl Stone Soup version 0.30-a0-883-g5ad918d77d (webtiles) character file.

Game seed: 15187180882145286135

225 AtlasWard the Slasher (level 6, -11/42 HPs)
             Began as an Octopode Gladiator on Mar 15, 2023.
             Killed by divine providence
             ... invoked by an orc priest
              (15 damage)
             ... on level 3 of the Dungeon.
             The game lasted 00:04:20 (1821 turns).

AtlasWard the Slasher (Octopode Gladiator)          Turns: 1821, Time: 00:04:20

Health: -11/42     AC:  1    Str: 14    XL:     6   Next: 1%
Magic:  6/6        EV: 14    Int: 10    God:
Gold:   92         SH:  0    Dex: 15    Spells: 5/5 levels left

rFire   . . .      SeeInvis .    a - +0 long sword
rCold   . . .      Faith    .    (no shield)
rNeg    . . .      Spirit   .    b - +0 hat
rPois   .          Reflect  .    (no amulet)
rElec   .          Rampage  .    (no ring)
rCorr   .                        (no ring)
Will    .....                    (no ring)
Stlth   ++                       (no ring)
HPRegen 0.27/turn                (no ring)
MPRegen 0.10/turn                (no ring)
                                 (no ring)
                                 (no ring)

@: confused
A: almost no armour, amphibious, 8 rings, camouflage 1, gelatinous body 1,
(nimble swimmer 1), tentacles
a: no special abilities


You were on level 3 of the Dungeon.
You visited 1 branch of the dungeon, and saw 3 of its levels.

You collected 92 gold pieces.

Inventory:

Hand Weapons
 a - a +0 long sword (weapon)
Missiles
 c - 3 throwing nets
 d - a javelin (quivered)
Armour
 b - a +0 hat (worn)
Magical Staves
 o - a staff of air
Scrolls
 f - 2 scrolls of enchant weapon {unknown}
 h - a scroll of acquirement {unknown}
 i - 4 scrolls of identify {unknown}
 k - a scroll of teleportation {unknown}
 l - a scroll of fog {unknown}
 m - a scroll of enchant armour {unknown}
 q - 2 scrolls of poison {unknown}
Potions
 e - a potion of cancellation {unknown}
 g - 2 potions of curing {unknown}
 j - a potion of mutation {unknown}
 n - a potion of brilliance {unknown}
 p - a potion of might


   Skills:
 + Level 3.2 Fighting
 * Level 4.6 Long Blades
 + Level 3.1 Throwing
 - Level 3.0 Dodging
 + Level 3.3 Stealth


You had 5 spell levels left.
You didn't know any spells.
Your spell library contained the following spells:

 Spells                   Type           Power      Damage    Failure   Level
 Ozocubu's Armour         Ice            0%         N/A       75%         3
 Metabolic Englaciation   Hex/Ice        0%         N/A       100%        5
 Simulacrum               Ice/Necr       0%         N/A       100%        6


Dungeon Overview and Level Annotations

Branches:
Dungeon (3/15)

Altars:

Annotations:
D:2 Sigmund


Innate Abilities, Weirdness & Mutations

You cannot wear most types of armour.
You are amphibious.
You can wear up to eight rings at the same time.
Your skin changes colour to match your surroundings (Stealth+).
Your rubbery body absorbs attacks. (AC +1, EV +1)
((You are camouflaged when in or above water. (Stealth+)))
You have tentacles for arms and can constrict up to eight enemies at once.


Message History

You constrict the orc wizard.
The orc wizard hits you with a +0 dagger.
An orc comes into view. It is wielding a +0 hand axe.
You hit the orc wizard but do no damage.
The orc wizard is lightly wounded.
You constrict the orc wizard.
The orc wizard casts a spell.
The orc wizard flickers and vanishes!
Deactivating autopickup; reactivate with Ctrl-A.
You hit something. You constrict something.
You hear some strange, mumbled words.
You are confused.
You are too confused!
You are too confused!
You are too confused!
You are too confused!
You are too confused!
You are too confused!
You are too confused!
You are too confused!
You hit something but do no damage. Your squeeze misses something.
You constrict something.
An orc priest comes into view.
It is wielding a +0 dagger of venom and wearing a +3 chain mail of positive energy.
Something hits you.
You miss the orc.
Your tentacle-slap misses the orc.
You hear some strange, mumbled words.
Something tries to affect you, but you resist.
The orc hits you with a +0 hand axe.
The orc priest mumbles some strange prayers to Beogh against you.
Beogh smites you!
You miss something.
You hear some strange, mumbled words.
A magic dart appears from out of thin air!
The magic dart hits you!
* * * LOW HITPOINT WARNING * * *
The orc hits you with a +0 hand axe!
* * * LOW HITPOINT WARNING * * *
The orc priest calls down the wrath of Beogh upon you.
Beogh smites you!
You die...

#### #.o
######'#######+#######
#....{@o........##...##
.................##...##
.......>.........##.....
..................+.....
................###.....
................###....#
.#......#...#..........#
#......#...#..†...#....
#......#...##.....#....


You could see an orc priest and an orc.

Vanquished Creatures
  Jessica (D:2)
  Natasha (thrice) (D:2)
  7 gnolls
  A worm (D:2)
  A dart slug (D:3)
  4 ball pythons
  5 bats
  5 endoplasms
  4 giant cockroaches (D:2)
  3 hobgoblins
  2 jackals (D:1)
  4 kobolds
  4 quokkas
  2 frilled lizards (D:2)
  3 goblins
  5 rats
54 creatures vanquished.

Notes
Turn   | Place    | Note
-------+----------+-------------------------------------------
     0 | D:1      | AtlasWard the Octopode Gladiator began the quest for the
                  | Orb.
     0 | D:1      | Reached XP level 1. HP: 14/14 MP: 1/1
   120 | D:1      | Reached XP level 2. HP: 19/19 MP: 2/2
   143 | D:1      | Reached skill level 1 in Stealth
   332 | D:1      | Reached XP level 3. HP: 22/24 MP: 3/3
   514 | D:2      | Noticed Jessica
   531 | D:2      | Killed Jessica
   532 | D:2      | Reached XP level 4. HP: 13/30 MP: 4/4
   760 | D:2      | Noticed Natasha
   769 | D:2      | Killed Natasha
   770 | D:2      | Reached skill level 4 in Long Blades
   884 | D:2      | Noticed Natasha
   890 | D:2      | Killed Natasha
   891 | D:2      | Reached XP level 5. HP: 34/36 MP: 5/5
   900 | D:2      | Noticed Natasha
   908 | D:2      | Killed Natasha
  1740 | D:2      | Noticed Sigmund
  1812 | D:3      | Reached XP level 6. HP: 42/42 MP: 6/6
  1821 | D:3      | Killed from afar by an orc priest

Illustrated notes

Levels and vault maps discovered:
D:1:      saegor_arrival_simple_e, layout_basic
D:2:      layout_basic, chequers_serial_rivers_room_b, st_stairs_8,
          uniq_sigmund, uniq_jessica, uniq_natasha
D:3:      layout_basic, ebering_ecumenical_altar_mist, uniq_robin

Skill      XL: |  1  2  3  4  5 |
---------------+----------------+-----
Stealth        | 1 2 3 |  3.3
Long Blades    | 4 |  4.6
Fighting       | 3 |  3.2
Throwing       | 3 |  3.1
Dodging        | |  3.0

Action                     |  1- 3 |  4- 6 || total
---------------------------+-------+-------++-------
  Melee: Long sword        |    39 |    57 ||    96
         Tentacles         |     8 |    15 ||    23
         Constrict         |     6 |    18 ||    24
         Punch             |     2 |     1 ||     3
   Stab: Sleeping          |     6 |     6 ||    12
         Distracted        |     1 |     1 ||     2
 Armour: Skin              |     1 |     2 ||     3
  Dodge: Dodged            |    18 |    25 ||    43

Table legend: (Time is in decaauts)
 A = Elapsed time spent in this place.
 B = Non-inter-level travel time spent in this place.
 C = Inter-level travel time spent in this place.
 D = Time resting spent in this place.
 E = Time spent auto-exploring this place.
 F = Levels seen in this place.
 G = Mean time per level.
                   A        B        C        D        E       F      G
               +--------+--------+--------+--------+--------+-----+--------+
         Total |   1865 |   1804 |     61 |      0 |   1404 |   3 |  621.7 |
       Dungeon |   1865 |   1804 |     61 |      0 |   1404 |   3 |  621.7 |
               +--------+--------+--------+--------+--------+-----+--------+

Top non-repeatable levels by time:
     D:2: 1200 daAuts
     D:1: 616 daAuts
     D:3: 49 daAuts
